 Dungeon Crawl Stone Soup version 0.31-a0-521-gc7390f8997 (webtiles) character file.

Game seed: 16677407589441506036

280 neural the Cutter (level 6, -2/37 HPs)
             Began as a Gargoyle Gladiator on Aug 10, 2023.
             Was an Initiate of Yredelemnul.
             Slain by a quokka (4 damage)
             ... on level 5 of the Dungeon.
             The game lasted 00:16:14 (2846 turns).

neural the Cutter (Gargoyle Gladiator)              Turns: 2846, Time: 00:16:14

Health: -2/37      AC: 11    Str: 19    XL:     6   Next: 27%
Magic:  6/6        EV: 10    Int:  9    God:    Yredelemnul [......]
Gold:   152        SH:  0    Dex: 11    Spells: 5/5 levels left

rFire   . . .        a - +0 rapier
rCold   . . .        (no shield)
rNeg    + . .        h - +0 scale mail
rPois   ∞            k - melded +2 helmet
rElec   +            (cloak currently unavailable)
rCorr   .            c - melded +0 pair of gloves
SInv    .            (boots currently unavailable)
Will    .....        (no amulet) Stlth
                     (no ring)
HPRegen 0.26/turn    (no ring)
MPRegen 0.10/turn

%: no passive effects
@: beast-form
A: beast (slay +0), sickness immunity, AC +4, negative energy resistance 1,
electricity resistance, torment resistance 1, petrification resistance
a: Begin Untransformation, Renounce Religion, Recall Undead Harvest


You were on level 5 of the Dungeon.
You worshipped Yredelemnul.
Yredelemnul was noncommittal.
You were a hulking beast.
You visited 1 branch of the dungeon, and saw 5 of its levels.

You collected 152 gold pieces.

Inventory:

Hand Weapons
 a - a +0 rapier (weapon)
 f - a +0 quarterstaff
Missiles
 b - 6 poisoned darts
 d - 3 throwing nets (quivered)
 e - a javelin
Armour
 c - a +0 pair of gloves (melded)
 h - a +0 scale mail (worn)
 k - a +2 helmet (melded)
Talismans
 m - a beast talisman (active)
Wands
 j - a wand of iceblast (7)
Scrolls
 g - a scroll of noise {unknown}
 l - a scroll of revelation {unknown}
 n - a scroll of identify {unknown}
Potions
 i - 2 potions of might {unknown}


   Skills:
 + Level 3.1 Fighting
 + Level 4.7 Short Blades
 + Level 1.9 Throwing
 + Level 2.7 Armour
 + Level 3.1 Dodging
 + Level 0.4 Stealth


You had 5 spell levels left.
You didn't know any spells.
Your spell library contained the following spells:

 Spells                   Type           Power      Damage    Failure   Level
 Dazzling Flash           Conj/Hex       0%         N/A       98%         3
 Agony                    Necr           0%         N/A       100%        5
 Silence                  Hex/Air        0%         N/A       100%        5


Dungeon Overview and Level Annotations

Branches:
Dungeon (5/15)
 Temple: D:4-7

Altars:
Yredelemnul

Portals:
Sewer: D:5


Innate Abilities, Weirdness & Mutations

You are a hulking beast.
Your limbs bulge with bestial killing power. (Slay +0)
You are immune to sickness and miasma.
Your stone body is resilient. (AC +4)
You are immune to poison.
You resist negative energy. (rN+)
You are resistant to electric shocks. (rElec)
You are resistant to unholy torment.
You are immune to petrification.


Message History

* * * LOW HITPOINT WARNING * * *
The adder bites you but does no damage. The orc barely misses you.
You miss the quokka.
The quokka bites you but does no damage.
The adder bites you but does no damage. The orc hits you but does no damage.
You hit the quokka.
The quokka is severely wounded.
The quokka completely misses you. The adder bites you but does no damage.
The orc barely misses you. The adder completely misses you.
The quokka bites you.
* * * LOW HITPOINT WARNING * * *
The adder attacks as you move away! The adder barely misses you.
You hear the slow rusting of a drain very nearby.
The quokka closely misses you. The orc barely misses you.
Things that are here:
a +0 flail of protection; a +0 dagger You puncture the orc!
You kill the orc!
The dead are walking!
The adder barely misses you.
The quokka bites you but does no damage.
You closely miss the quokka.
The quokka is severely wounded.
The adder bites you but does no damage. The quokka bites you.
* * * LOW HITPOINT WARNING * * *
You hit the quokka but do no damage.
The quokka is severely wounded.
The adder bites you but does no damage.
Your orc zombie closely misses the adder.
The quokka bites you but does no damage.
The adder barely misses you.
You hit the quokka but do no damage.
The quokka is severely wounded.
The quokka closely misses you. The adder bites you but does no damage.
Your orc zombie barely misses the adder.
You miss the quokka.
The quokka is severely wounded.
The quokka closely misses you. The adder barely misses you.
You closely miss the adder. The quokka bites you.
You die...
Your body rises from the dead as a mindless zombie.

##.#.... .. ##......##..
........... ##..........
## #...........
##..#............
.......Z........# ###+
..... #hS)......#~~~~~#
.....##)r.......#~~~r~#.
........##......#~Sr~~#.
................#


SBr~ . #...............#######. ..<.....................
...............###....#. ................#....##. .....#......##..##..o.o. You
could see an adder (ally target), a quokka and a friendly orc zombie.

Vanquished Creatures
  Sigmund (D:3)
  An orc wizard (D:3)
  2 adders
  A gnoll (D:1)
  An ufetubus (D:5)
  A worm (D:2)
  A dart slug (D:3)
  9 orcs
  7 bats
  An endoplasm (D:4)
  2 giant cockroaches (D:1)
  4 goblins
  4 hobgoblins
  7 kobolds
  A quokka (D:1)
  4 frilled lizards
  7 rats
  A spectral orc (D:4)
55 creatures vanquished.

Vanquished Creatures (others)
  A hobgoblin zombie (D:4)
1 creature vanquished.

Grand Total: 56 creatures vanquished

Notes
Turn   | Place    | Note
-------+----------+-------------------------------------------
     0 | D:1      | neural the Gargoyle Gladiator began the quest for the Orb.
     0 | D:1      | Reached XP level 1. HP: 12/12 MP: 1/1
    61 | D:1      | Reached XP level 2. HP: 2/17 MP: 2/2
    75 | D:1      | Reached skill level 3 in Short Blades
   510 | D:1      | Reached XP level 3. HP: 19/22 MP: 3/3
  1403 | D:3      | Reached skill level 1 in Armour
  1892 | D:3      | Reached XP level 4. HP: 23/27 MP: 4/4
  2025 | D:3      | Noticed Sigmund
  2039 | D:3      | Killed Sigmund
  2040 | D:3      | Reached skill level 4 in Short Blades
  2040 | D:3      | Reached XP level 5. HP: 18/32 MP: 5/5
  2040 | D:3      | Reached XP level 6. HP: 20/37 MP: 6/6
  2563 | D:4      | Found a basalt altar of Yredelemnul.
  2578 | D:4      | Became a worshipper of Yredelemnul the Dark
  2779 | D:4      | HP: 1/37 [gnoll/+0 club[a gnoll bouda] (2)]
  2789 | D:5      | Entered Level 5 of the Dungeon
  2790 | D:5      | Found a glowing drain.
  2842 | D:5      | HP: 1/37 [quokka (1)]
  2846 | D:5      | Slain by a quokka

Illustrated notes

Levels and vault maps discovered:
D:1:      shiori_arrival_elements, layout_loops_cross, minmay_3d_cube
D:2:      layout_basic, basic_altar, shapermc_ecumenical_altar_ellora,
          grunt_decor_arrowhead
D:3:      layout_basic, grunt_temple_overflow_diamond, minmay_misc_feat_tower,
          uniq_sigmund
D:4:      layout_gridville, yredelemnul_forgotten_temple_becter, uniq_grinder
D:5:      layout_cave_pools, portal_sewer_entry_c, uniq_menkaure,
          uniq_blork_the_orc

Skill      XL: |  1  2  3  4 |
---------------+-------------+-----
Short Blades   | 3 4 |  4.7
Armour         | 1 2 |  2.7
Fighting       | 3 |  3.1
Dodging        | 3 |  3.1
Throwing       | |  1.9
Stealth        | |  0.4

Action                     |  1- 3 |  4- 6 || total
---------------------------+-------+-------++-------
  Melee: Rapier            |   157 |   109 ||   266
         Punch             |       |     4 ||     4
    Use: Scroll            |       |     1 ||     1
 Armour: Leather armour    |    12 |       ||    12
         Scale mail        |    92 |   112 ||   204
  Dodge: Dodged            |   100 |   109 ||   209
   Form: Beast             |       |     1 ||     1

Table legend: (Time is in decaauts)
 A = Elapsed time spent in this place.
 B = Non-inter-level travel time spent in this place.
 C = Inter-level travel time spent in this place.
 D = Time resting spent in this place.
 E = Time spent auto-exploring this place.
 F = Levels seen in this place.
 G = Mean time per level.
                   A        B        C        D        E       F      G
               +--------+--------+--------+--------+--------+-----+--------+
         Total |   2849 |   2849 |      0 |    727 |      0 |   5 |  569.8 |
       Dungeon |   2849 |   2849 |      0 |    727 |      0 |   5 |  569.8 |
               +--------+--------+--------+--------+--------+-----+--------+

Top non-repeatable levels by time:
     D:3: 1166 daAuts
     D:2: 614 daAuts
     D:1: 611 daAuts
     D:4: 401 daAuts
     D:5: 55 daAuts
